 Dungeon Crawl Stone Soup version 0.13-a0-2910-g7a74111 (webtiles) character file.

49730 PolkaDot the Arsonist (level 14, 0/82 (83) HPs)
             Began as a Vampire Wizard on Sept 1, 2013.
             Was the Champion of Vehumet.
             Killed by divine providence
             ... invoked by an orc priest
              (8 damage)
             ... on Level 4 of the Orcish Mines.
             The game lasted 04:46:03 (27966 turns).

PolkaDot the Arsonist (Vampire Wizard)             Turns: 27966, Time: 04:46:04

HP   0/82 (83)   AC 10     Str  7      XL: 14   Next:  9%
MP   1/41        EV 12     Int 28      God: Vehumet [******]
Gold 1946        SH  0     Dex 12      Spells:  8 memorised,  3 levels left

Res.Fire  : + + +   See Invis. : +   A - staff of fire
Res.Cold  : x x .   Warding    : .   d - +1 robe {rF+}
Life Prot.: + . .   Conserve   : .   (no shield)
Res.Poison: +       Res.Corr.  : .   b - +0 wizard hat
Res.Elec. : .       Clarity    : +   H - +1 cloak {rPois}
Sust.Abil.: . .     Spirit.Shd : .   u - +1 pair of gloves
Res.Mut.  : .       Stasis     : .   p - +0 pair of boots
Res.Rott. : .       Flight     : .   h - amulet of clarity
Saprovore : . . .                    v - cursed ring of magical power
                                     x - +2 ring of protection

@: brilliant, immune to fire clouds, drained, somewhat resistant to hostile
enchantments, stealthy
A: bottle blood, fangs 3, see invisible, unbreathing
a: Bat Form, Bottle Blood, Renounce Religion


You were on level 4 of the Orcish Mines.
You worshipped Vehumet.
Vehumet was exalted by your worship.
You were not thirsty.

You visited 4 branches of the dungeon, and saw 24 of its levels.
You also visited: Volcano.

You collected 2045 gold pieces.
You spent 119 gold pieces at shops.

Inventory:

Armour
 b - a +0 wizard hat (worn)
 c - a +2 robe of magic resistance
 d - a +1 robe of fire resistance (worn)
 p - a +0 pair of boots (worn)
 u - a +1 pair of gloves (worn)
 H - a +1 cloak of poison resistance (worn)
Magical devices
 g - a wand of disintegration (0)
 F - a wand of digging (8)
Scrolls
 e - 5 scrolls of teleportation
Jewellery
 h - an amulet of clarity (around neck)
 v - a cursed ring of magical power (right hand)
 x - a +2 ring of protection (left hand)
Potions
 a - 2 potions of coagulated blood
 k - 6 potions of blood
 r - a potion of speed
Books
 j - a Necronomicon {highlevel}

   This book is beyond your current level of understanding.

   Spells                             Type                      Level
   Borgnjor's Revivification          Necromancy                   7
   Haunt                              Necromancy/Summoning         7
   Death's Door                       Charms/Necromancy            8
   Necromutation                      Transmutation/Necromancy     8
 y - a book of Fire

   Spells                             Type                      Level
   Fire Brand                         Charms/Fire                  2
   Ignite Poison                      Fire/Transmutation           5
   *Fireball                          Conjuration/Fire             5
   *Bolt of Fire                      Conjuration/Fire             6
   *Delayed Fireball                  Conjuration/Fire             7
   *Ring of Flames                    Charms/Fire                  7
Magical staves
 A - an uncursed staff of fire (weapon)
Miscellaneous
 D - a crystal ball of energy
 I - a lantern of shadows
Rods
 G - a +0 rod of fiery destruction (9/9)
   (You found it on level 9 of the Dungeon)


   Skills:
 - Level 2.1(2.0) Dodging
 - Level 3.0(2.9) Stealth
 * Level 9.8(9.6) Spellcasting
 - Level 10.5(10.3) Conjurations
 + Level 10.0(9.8) Charms
   Level 1.0(0.9) Summonings
   Level 0.7(0.6) Translocations
 + Level 12.0(11.8) Fire Magic
 - Level 7.1(7.0) Evocations


You had 3 spell levels left.
You knew the following spells:

 Your Spells              Type           Power        Failure   Level  Hunger
a - Searing Ray           Conj           ######       1%          2    None
e - Bolt of Fire          Conj/Fire      ########..   1%          6    #####..
q - Conjure Flame         Conj/Fire      ########     1%          3    None
r - Delayed Fireball      Conj/Fire      N/A          4%          7    #######
s - Mephitic Cloud        Conj/Pois/Air  #####...     1%          3    None
t - Ring of Flames        Chrm/Fire      ########..   6%          7    #######
w - Fireball              Conj/Fire      ########..   1%          5    ###....
z - Magic Dart            Conj           ####         1%          1    None


Dungeon Overview and Level Annotations

Branches:
Dungeon (11/27)            Temple (1/1) D:5             Orc (4/4) D:7
    Elf (0/3) Orc:3          Lair (8/8) D:10         Shoals (0/5) Lair:6
  Snake (0/5) Lair:6        Slime (0/6) Lair:6

Altars:
Ashenzari
Cheibriados
Elyvilon
Fedhas
Makhleb
Nemelex Xobeh
Okawaru
Sif Muna
Trog
Vehumet
Yredelemnul
Zin
the Shining One

Shops:
D:4 *   D:8 =   D:9 !*   D:11 *   Orc:2 (   Orc:4 (


Innate Abilities, Weirdness & Mutations

You can bottle blood from corpses.
You are immune to clouds of flame.
You have razor-sharp teeth.*
You have supernaturally acute eyesight.
You can survive without breathing.*


Message History

Casting: Bolt of Fire
Confirm with . or Enter, or press ? or * to list all spells.
Okay, then.
Casting: Bolt of Fire
Confirm with . or Enter, or press ? or * to list all spells.
You feel a surge of power! The air around you leaps into flame!
The orc priest mumbles some strange prayers to Beogh against you.
Something smites you!
* * * LOW HITPOINT WARNING * * *
The orc warrior is engulfed in roaring flames.
The orc warrior hits you with an orcish long sword!
* * * LOW HITPOINT WARNING * * *
The orc priest is engulfed in roaring flames.
The orc priest calls down the wrath of Beogh upon you.
You resist.
Drink which item? (? for menu, Esc to quit)
Yummy - fresh blood!
The orc priest calls down the wrath of Beogh upon you.
Something smites you!
You die...

..#...#)### ..##......##
...........# ......#.#.##
..........## #..........#
##.........##############
#.......#.#....§§o........
.........#).).o§@o.)......
............######)[)#####
...........## .o.[...
..........## ....[.. .
..##. ####[.. . . #. . #.
.


You could see an orc warrior, 2 orc priests and an orc wizard.

Vanquished Creatures
  A dire elephant (Lair:8)
  7 hydras
  Harold (Orc:2)
  Erica (Lair:5)
  A death yak (Lair:8)
  An orc high priest (Orc:4)
  A catoblepas (Lair:7)
  4 skeletal warriors (D:9)
  Erolcha (Volcano)
  A hill giant (D:10)
  A wizard (Lair:8)
  2 orc sorcerers (Orc:4)
  A griffon (Lair:5)
  An oklob plant (Lair:8)
  A spiny worm (Lair:8)
  9 black mambas
  A guardian serpent (D:10)
  Maurice (Orc:2)
  An orange demon (Lair:8)
  8 spiny frogs
  2 fire drakes
  7 komodo dragons
  2 hellwings (Lair:8)
  2 trolls
  A polar bear (Lair:8)
  3 two-headed ogres (Volcano)
  11 blink frogs
  6 basilisks
  A snapping turtle (Lair:6)
  5 yaks
  Eustachio (D:6)
  3 ugly things (D:11)
  A hill giant zombie (D:11)
  10 hippogriffs
  Grum (Orc:3)
  A deep elf fighter (D:10)
  2 wraiths
  A hill giant skeleton (D:11)
  18 wolves
  Edmund (D:5)
  2 hungry ghosts
  6 necrophages
  The ghost of runewalsh the Sneak, an average OpWz (D:3)
  3 black bears
  An ice beast (D:6)
  7 porcupines
  14 orc warriors
  2 sky beasts
  2 phantoms
  A giant goldfish (Lair:6)
  9 ogres
  A rotting devil (Lair:8)
  8 centaurs
  Sigmund (D:4)
  10 crocodiles
  6 giant slugs
  9 water moccasins
  19 giant frogs
  Blork the orc (D:7)
  5 agate snails
  A big kobold (D:11)
  6 wargs
  A hippogriff zombie (D:6)
  12 killer bees
  A fire bat (Volcano)
  3 crimson imps
  3 goliath beetles
  19 wights
  8 hounds
  A giant frog zombie (D:7)
  A jelly (D:11)
  Crazy Yiuf (D:7)
  17 orc priests
  A centaur skeleton (D:4)
  7 iguanas
  2 scorpions
  8 sheep (Lair:6)
  7 worker ants
  25 orc wizards
  Ijyb (D:2)
  Jessica (D:2)
  A crocodile zombie (D:8)
  The ghost of 4tharraofdagon the Firebug, a weakling DgFE (D:5)
  A mummy (D:10)
  59 green rats
  5 gnolls
  24 adders
  3 giant centipedes
  A giant mite (D:5)
  7 worms
  An adder skeleton (D:4)
  5 giant eyeballs
  An iguana skeleton (D:7)
  4 giant geckos
  2 oozes
  110 orcs
  27 bats
  A bat skeleton (D:5)
  A bat zombie (D:4)
  7 giant cockroaches
  21 goblins
  21 hobgoblins
  33 jackals
  12 quokkas
  7 ball pythons
  5 giant newts
  2 giant spores
  A hobgoblin skeleton (D:5)
  27 kobolds
  2 kobold skeletons (D:7)
  10 orc zombies (Orc:4)
  29 rats
  18 ballistomycetes
  2 bushes (Lair:8)
  2 fungi
  2 plants
813 creatures vanquished.

Vanquished Creatures (collateral kills)
  A jackal (D:7)
1 creature vanquished.

Vanquished Creatures (others)
  A sky beast (D:6)
  An orc wizard (Orc:4)
  4 giant spores
  7 fungi
  2 plants (D:10)
15 creatures vanquished.

Grand Total: 829 creatures vanquished

Notes
Turn   | Place    | Note
--------------------------------------------------------------
     0 | D:1      | PolkaDot, the Vampire Wizard, began the quest for the Orb.
     0 | D:1      | Reached XP level 1. HP: 11/11 MP: 6/6
    89 | D:1      | Reached skill level 1 in Conjurations
   351 | D:1      | Reached XP level 2. HP: 17/17 MP: 4/8
   701 | D:2      | Noticed Jessica
   707 | D:2      | Killed Jessica
   707 | D:2      | Reached XP level 3. HP: 19/22 MP: 5/10
   876 | D:2      | Learned a level 3 spell: Conjure Flame
   880 | D:2      | Learned a level 3 spell: Mephitic Cloud
   891 | D:2      | Noticed Ijyb
   934 | D:2      | Killed Ijyb
  1756 | D:3      | Noticed runewalsh's ghost (average OpWz)
  1779 | D:3      | Killed runewalsh's ghost
  1779 | D:3      | Reached XP level 4. HP: 21/28 MP: 6/12
  1779 | D:3      | Reached XP level 5. HP: 24/33 MP: 6/13
  2043 | D:3      | Reached skill level 4 in Conjurations
  2522 | D:4      | Noticed Edmund
  2664 | D:4      | Found Curof's Assorted Antiques.
  3153 | D:4      | Reached XP level 6. HP: 36/39 MP: 4/15
  3685 | D:4      | Reached skill level 5 in Conjurations
  3846 | D:4      | Noticed Sigmund
  3923 | D:4      | Killed Sigmund
  3923 | D:4      | Reached skill level 1 in Fire Magic
  4336 | D:4      | Reached XP level 7. HP: 44/44 MP: 6/17
  4775 | D:5      | Entered Level 5 of the Dungeon
  4988 | D:5      | Noticed 4tharraofdagon's ghost (weakling DgFE)
  5004 | D:5      | Killed 4tharraofdagon's ghost
  5475 | D:5      | Found a staircase to the Ecumenical Temple.
  5483 | Temple   | Entered the Ecumenical Temple
  5524 | Temple   | Became a worshipper of Vehumet
  5568 | D:5      | Killed Edmund
  5568 | D:5      | Reached XP level 8. HP: 11/50 MP: 2/18
  5815 | D:5      | Reached skill level 6 in Conjurations
  6540 | D:6      | Reached skill level 5 in Fire Magic
  6967 | D:6      | Noticed Eustachio
  6996 | D:6      | Killed Eustachio
  7205 | D:6      | Reached XP level 9. HP: 55/55 MP: 3/19
  7467 | D:6      | Found a bloodstained altar of Trog.
  7754 | D:6      | Acquired Vehumet's first power
  7754 | D:6      | Offered knowledge of Flame Tongue by Vehumet.
  7891 | D:6      | Reached skill level 7 in Fire Magic
  8878 | D:7      | Noticed Crazy Yiuf
  8890 | D:7      | Killed Crazy Yiuf
  9004 | D:7      | Paralysed by a giant eyeball for 3 turns
  9026 | D:7      | Reached skill level 8 in Fire Magic
  9164 | D:7      | Paralysed by a giant eyeball for 4 turns
  9184 | D:7      | Paralysed by a giant eyeball for 4 turns
  9192 | D:7      | Paralysed by a giant eyeball for 2 turns
  9264 | D:7      | Noticed Blork the orc
  9281 | D:7      | Killed Blork the orc
  9558 | D:7      | Reached skill level 1 in Evocations
  9696 | D:7      | Paralysed by a potion of paralysis for 4 turns
 10269 | D:7      | Reached XP level 10. HP: 57/61 MP: 1/20
 10278 | D:7      | Offered knowledge of Searing Ray by Vehumet.
 10753 | D:7      | Learned a level 2 spell: Searing Ray
 11085 | D:7      | Found a staircase to the Orcish Mines.
 11398 | D:8      | Found Huys' Jewellery Boutique.
 11698 | D:8      | Found a basalt altar of Yredelemnul.
 11904 | D:8      | Reached skill level 9 in Fire Magic
 11972 | D:8      | Offered knowledge of Stone Arrow by Vehumet.
 12477 | D:9      | Acquired Vehumet's second power
 12646 | D:9      | Found Emmufyhu's Distillery.
 12655 | D:9      | Bought a potion of invisibility for 93 gold pieces
 12686 | D:9      | Learned a level 5 spell: Fireball
 12707 | D:9      | Identified a +0 rod of fiery destruction (9/9) (You found it on level 9 of the Dungeon)
 12781 | D:9      | Found Zin's Purification Station.
 12782 | D:9      | Found a glowing silver altar of Zin.
 12904 | D:9      | Noticed a skeletal warrior
 12911 | D:9      | Killed a skeletal warrior
 12912 | D:9      | Noticed a skeletal warrior
 12913 | D:9      | Noticed a skeletal warrior
 12919 | D:9      | Noticed a skeletal warrior
 12926 | D:9      | Killed a skeletal warrior
 12929 | D:9      | Killed a skeletal warrior
 12931 | D:9      | Killed a skeletal warrior
 12931 | D:9      | Reached XP level 11. HP: 45/66 MP: 14/23
 13331 | D:10     | Entered Level 10 of the Dungeon
 13353 | D:10     | Offered knowledge of Sticky Flame by Vehumet.
 13354 | D:10     | Noticed a hill giant
 13361 | D:10     | Killed a hill giant
 13361 | D:10     | Reached skill level 10 in Fire Magic
 13805 | D:10     | Acquired Vehumet's third power
 13818 | D:10     | Paralysed by a giant eyeball for 2 turns
 14116 | D:10     | Offered knowledge of Dazzling Spray by Vehumet.
 14261 | D:10     | Paralysed by a giant eyeball for 4 turns
 14515 | D:10     | Found a staircase to the Lair.
 14563 | Lair:1   | Entered Level 1 of the Lair of Beasts
 14845 | D:10     | Reached skill level 5 in Spellcasting
 14896 | D:11     | Learned a level 6 spell: Bolt of Fire
 15103 | D:11     | Offered knowledge of Bolt of Magma by Vehumet.
 15259 | D:11     | Found Itufiust's General Store.
 15309 | D:11     | Bought an uncursed amulet of inaccuracy for 26 gold pieces
 16282 | Lair:1   | Found a blossoming altar of Fedhas.
 16311 | Lair:1   | Noticed a four-headed hydra
 16314 | Lair:1   | Killed a four-headed hydra
 16731 | Lair:2   | Learned a level 7 spell: Delayed Fireball
 16857 | Lair:2   | Reached skill level 5 in Evocations
 16974 | Lair:2   | Reached XP level 12. HP: 72/72 MP: 23/27
 18158 | Lair:3   | Reached skill level 10 in Conjurations
 18240 | Lair:3   | Found a glowing silver altar of Zin.
 18936 | Lair:4   | Offered knowledge of Orb of Destruction by Vehumet.
 19172 | Lair:4   | Found a glowing golden altar of the Shining One.
 19322 | Lair:4   | Noticed a five-headed hydra
 19326 | Lair:4   | Killed a five-headed hydra
 19532 | Lair:4   | Identified a scroll of acquirement
 19875 | Lair:5   | Noticed Erica
 19877 | Lair:5   | Killed Erica
 20680 | Lair:5   | Offered knowledge of Force Lance by Vehumet.
 20993 | Lair:6   | Found a staircase to the Slime Pits.
 20996 | Lair:6   | Noticed an eight-headed hydra
 21003 | Lair:6   | Killed an eight-headed hydra
 21539 | Lair:6   | Reached skill level 11 in Fire Magic
 21614 | Lair:6   | Found a staircase to the Shoals.
 21867 | Lair:6   | Found a staircase to the Snake Pit.
 21927 | Lair:6   | Noticed a seven-headed hydra
 21930 | Lair:6   | Killed a seven-headed hydra
 22116 | Lair:6   | Reached XP level 13. HP: 55/77 MP: 30/30
 22812 | Lair:7   | Learned a level 2 spell: Fire Brand
 22818 | Lair:7   | Reached skill level 1 in Charms
 23327 | Lair:7   | Found a bloodstained altar of Trog.
 23826 | Lair:8   | Entered Level 8 of the Lair of Beasts
 23913 | Lair:8   | Learned a level 7 spell: Ring of Flames
 23922 | Lair:8   | Offered knowledge of Conjure Ball Lightning by Vehumet.
 24041 | Lair:8   | Reached skill level 5 in Charms
 25020 | Lair:8   | Noticed a dire elephant
 25028 | Lair:8   | Killed a dire elephant
 25217 | Lair:8   | Found a burning altar of Makhleb.
 25604 | Orc:1    | Entered Level 1 of the Orcish Mines
 25945 | Orc:1    | Found a dark tunnel.
 25965 | Volcano  | Entered a volcano
 26146 | Volcano  | Noticed Erolcha
 26155 | Volcano  | Killed Erolcha
 26206 | Volcano  | Found a burning altar of Makhleb.
 26237 | Volcano  | Found a burning altar of Makhleb.
 26433 | Orc:2    | Found Waptuj's Antique Weapon Boutique.
 26527 | Orc:2    | Noticed Maurice
 26547 | Orc:2    | Killed Maurice
 26699 | Orc:2    | Noticed Harold
 26704 | Orc:2    | Killed Harold
 26871 | Orc:2    | Got an encrusted halberd
 26872 | Orc:2    | Identified the halberd of Qeafe {drain, Contam rElec rPois Dex+3} (You found it on level 2 of the Orcish Mines)
 27063 | Orc:3    | Found a staircase to the Elven Halls.
 27063 | Orc:3    | Noticed Grum
 27206 | Orc:3    | Offered knowledge of Bolt of Draining by Vehumet.
 27216 | Orc:3    | Killed Grum
 27443 | Orc:3    | Reached XP level 14. HP: 82/82 MP: 31/31
 27640 | Orc:4    | Entered Level 4 of the Orcish Mines
 27764 | Orc:4    | Found Kaoraoj's Weapon Shop.
 27938 | Orc:4    | Reached skill level 12 in Fire Magic
 27960 | Orc:4    | Reached skill level 10 in Charms
 27966 | Orc:4    | Killed from afar by an orc priest

Action                   |  1- 3 |  4- 6 |  7- 9 | 10-12 | 13-15 || total
-------------------------+-------+-------+-------+-------+-------++-------
Melee: Short sword       |    18 |       |       |       |       ||    18
       Staff             |     1 |    12 |   118 |   311 |   130 ||   572
 Cast: Magic Dart        |    75 |   181 |   392 |   569 |   207 ||  1424
       Conjure Flame     |     4 |    12 |    66 |   112 |     2 ||   196
       Mephitic Cloud    |     2 |     1 |    26 |    13 |    21 ||    63
       Searing Ray       |       |       |       |    62 |    13 ||    75
       Fireball          |       |       |       |    16 |    25 ||    41
       Bolt of Fire      |       |       |       |    81 |   110 ||   191
       Ring of Flames    |       |       |       |       |     3 ||     3
       Delayed Fireball  |       |       |       |       |     1 ||     1
 Abil: Bottle Blood      |       |     4 |    15 |    91 |    41 ||   151
       End Transformatio |       |       |     2 |       |     1 ||     3
       Bat Form          |       |       |     2 |       |     1 ||     3
       Release Delayed F |       |       |       |       |     1 ||     1
Evoke: Wand              |     3 |       |       |     6 |     4 ||    13
  Use: Potion            |     3 |     6 |    19 |    66 |    72 ||   166
       Scroll            |     2 |       |       |    27 |    13 ||    42
 Stab: Confused          |     2 |       |     4 |     1 |     3 ||    10
       Sleeping          |       |       |       |     7 |       ||     7
       Distracted        |       |       |       |     1 |       ||     1
